cohdb
Replays
Latest Replays
All Replays
Popular Replays
Top Player Replays
Match Explorer
How It Works
Community
CoH3 Stats
Reddit
Sign in to upload your games and track your stats! →
Sign in with Steam
Match 42821783
Unlisted
Match 42821783
Overview
Messages
Build Orders
End
Engineer Squad
Construct Barracks
Riflemen Squad
Riflemen Squad
Grenade Package
Riflemen Squad
Selects Heavy Weapons
Selects M2HB .50cal Heavy Machine Gun
Construct Weapon Support Center
M1919 Machine Gun Team
Infantry Support Center
Selects Assault Carriers
Selects Halftrack Strongpoints
M3 Assault Carrier
Munitions Surplus
Construct Tank Depot
M1918 Browning Automatic Rifles
M4A1 Sherman Medium Tank
M1919 Machine Gun Team
Selects M26 Pershing Heavy Tank
M26 Pershing Heavy Tank
M18 Hellcat Tank Destroyer
Engineer Squad
Selects Rapid Reposition
Survival Training
Nukepapa
HaKun233
~Ж-КРУЗ-Ж~
Amon Sapkowski
0
0
Comments
sign in to comment!
No comments posted yet!